 Dungeon Crawl Stone Soup version 0.30-a0-568-g124715a40b (webtiles) character file.

Game seed: 13543692910219402050

95 bmack86 the Shield-Bearer (level 4, -7/40 HPs)
             Began as a Minotaur Fighter on Dec 28, 2022.
             Mangled by Duvessa
             ... wielding a +0 short sword
              (9 damage)
             ... on level 4 of the Dungeon.
             The game lasted 00:06:02 (2483 turns).

bmack86 the Shield-Bearer (Minotaur Fighter)        Turns: 2483, Time: 00:06:03

Health: -7/40      AC:  7    Str: 23    XL:     4   Next: 40%
Magic:  12/12      EV:  9    Int:  5    God:
Gold:   138        SH:  4    Dex:  9    Spells: 3/3 levels left

rFire   . . .      SeeInvis .    a - +1 war axe
rCold   . . .      Faith    .    c - +0 buckler
rNeg    . . .      Spirit   .    b - +0 scale mail
rPois   .          Reflect  .    (helmet restricted)
rElec   .          Harm     .    (no cloak)
rCorr   .          Rampage  .    (no gloves)
Will    .....                    (no boots) Stlth
                                 (no amulet)
HPRegen 0.26/turn                h - ring of magical power
MPRegen 0.13/turn                (no ring)

@: no status effects
A: horns 2, retaliatory headbutt
a: no special abilities


You were on level 4 of the Dungeon.
You visited 1 branch of the dungeon, and saw 4 of its levels.

You collected 138 gold pieces.

Inventory:

Hand Weapons
 a - a +1 war axe (weapon)
Armour
 b - a +0 scale mail (worn)
 c - a +0 buckler (worn)
Jewellery
 h - a ring of magical power (left hand)
Scrolls
 f - 2 scrolls of magic mapping
 i - 2 scrolls of identify
 j - 2 scrolls of enchant weapon
 k - a scroll of noise {unknown}
 l - 2 scrolls of teleportation
 m - a scroll of brand weapon {unknown}
 n - a scroll of butterflies {unknown}
 o - a scroll of enchant armour {unknown}
 r - a scroll of amnesia {unknown}
 s - a scroll of fear {unknown}
 t - a scroll of vulnerability {unknown}
Potions
 d - a potion of might
 e - a potion of heal wounds
 g - a potion of resistance
 p - a potion of brilliance
 q - a potion of haste {unknown}


   Skills:
 + Level 4.2 Fighting
 * Level 4.0 Axes
 + Level 4.3 Armour
 + Level 4.3 Shields


You had 3 spell levels left.
You didn't know any spells.
Your spell library contained the following spells:

 Spells                   Type           Power      Damage    Failure   Level
 Apportation              Tloc           0%         N/A       86%         1
 Necrotise                Necr           0%         1d4       86%         1
 Summon Small Mammal      Summ           0%         N/A       86%         1
 Gell's Gravitas          Tloc           0%         N/A       99%         3
 Lesser Beckoning         Tloc           0%         N/A       99%         3
 Ozocubu's Armour         Ice            0%         N/A       99%         3
 Teleport Other           Tloc           0%         N/A       99%         3
 Ozocubu's Refrigeration  Ice            0%         4d7       100%        7


Dungeon Overview and Level Annotations

Branches:
Dungeon (4/15)
 Temple: D:4-7

Altars:

Shops:
D:4 [!

Annotations:
D:4 Dowan, Duvessa


Innate Abilities, Weirdness & Mutations

You have a pair of horns on your head.
You reflexively headbutt those who attack you in melee.


Message History

The kobold hits you but does no damage.
You hit the kobold but do no damage. Your headbutt misses the kobold.
You block the kobold's attack.
You barely miss the kobold. Your headbutt misses the kobold.
The kobold hits you but does no damage.
You hit the kobold but do no damage.
The kobold hits you with a +0 short sword.
The kobold barely misses you.
You closely miss the kobold. The kobold hits you but does no damage.
You hit the kobold.
You kill the kobold!
Things that are here:
a +0 short sword; 2 stones; a kobold corpse HP restored.
You open the door.
There is an open door here.
Dowan, Brother of Duvessa comes into view.
He is wielding a +0 dagger.
Dowan shouts!
Duvessa, Sister of Dowan comes into view.
She is wielding a +0 short sword, wearing a +2 leather armour of cold resistance and carrying a wand of light (14).
Duvessa shouts!
Duvessa zaps a wand.
The bolt of light hits you! Dowan gestures at you while chanting.
You resist with some effort.
You hit Dowan.
Dowan is lightly wounded.
You barely miss Duvessa. You headbutt Duvessa.
Duvessa is lightly wounded.
Duvessa zaps a wand.
The bolt of light hits you!
You are confused.
You bump into the rock wall.
You're too confused to move!
Duvessa hits you with a +0 short sword!
* * * LOW HITPOINT WARNING * * *
Dowan hits you with a +0 dagger.
* * * LOW HITPOINT WARNING * * *
You barely miss Dowan.
Dowan is lightly wounded.
You closely miss Duvessa.
You feel less confused. Duvessa hits you with a +0 short sword!
You die...

########
#(.....######
##......#..e@#
..#
##.......#.##e#
#.#
.......).#.#....
#.#
+###.....#.#..###
#.# #.....#.####
#.# #.....'.# #.#
#.....### #.##
###.### #∩.###
#.# ###....###.


You could see Duvessa and Dowan.

Vanquished Creatures
  4 adders (D:2)
  3 worms (D:2)
  2 dart slugs
  4 endoplasms
  3 giant cockroaches
  4 goblins
  5 hobgoblins (D:2)
  4 kobolds
  A quokka (D:2)
  5 ball pythons
  6 bats
  2 frilled lizards
  7 rats
50 creatures vanquished.

Notes
Turn   | Place    | Note
-------+----------+-------------------------------------------
     0 | D:1      | bmack86 the Minotaur Fighter began the quest for the Orb.
     0 | D:1      | Reached XP level 1. HP: 19/19 MP: 0/0
    60 | D:1      | Found a faded altar of an unknown god.
   114 | D:1      | Reached XP level 2. HP: 27/27 MP: 1/1
   303 | D:1      | You fall into a shaft and drop 1 floor!
   439 | D:2      | Reached XP level 3. HP: 30/33 MP: 2/2
   846 | D:1      | Reached XP level 4. HP: 30/40 MP: 3/3
  2401 | D:4      | Found Empid's Distillery.
  2406 | D:4      | Found Ponuver's Antique Armour Shop.
  2476 | D:4      | Noticed Dowan
  2477 | D:4      | Noticed Duvessa
  2482 | D:4      | HP: 1/40 [Dowan/+0 dagger (4)]
  2483 | D:4      | Mangled by Duvessa

Illustrated notes

Levels and vault maps discovered:
D:1:      dpeg_arrival_oval, layout_basic,
          hellmonk_ecumenical_altar_pennies_from_heaven
D:2:      layout_loops_corners, nicolae_concentric_dashed_squares_wild,
          minmay_pentomino_v4
D:3:      layout_basic
D:4:      layout_basic, serial_shops, shop_statue, shop, shop,
          nicolae_shop_crystal, kennysheep_little_box, uniq_duvessa

Skill      XL: |  1  2  3  4 |
---------------+-------------+-----
Axes           | 3 4 |  4.0
Shields        | 4 |  4.3
Armour         | 4 |  4.3
Fighting       | 4 |  4.2

Action                   |  1- 3 |  4- 6 || total
-------------------------+-------+-------++-------
Melee: War axe           |    81 |    29 ||   110
       Headbutt          |    12 |     6 ||    18
  Use: Scroll            |       |     7 ||     7
Armor: Scale mail        |    62 |    13 ||    75
Dodge: Dodged            |    44 |    11 ||    55
Block: Buckler           |    20 |     8 ||    28

Table legend: (Time is in decaauts)
 A = Elapsed time spent in this place.
 B = Non-inter-level travel time spent in this place.
 C = Inter-level travel time spent in this place.
 D = Time resting spent in this place.
 E = Time spent auto-exploring this place.
 F = Levels seen in this place.
 G = Mean time per level.
                   A        B        C        D        E       F      G
               +--------+--------+--------+--------+--------+-----+--------+
         Total |   2526 |   2458 |     68 |      0 |   1727 |   4 |  631.5 |
       Dungeon |   2526 |   2458 |     68 |      0 |   1727 |   4 |  631.5 |
               +--------+--------+--------+--------+--------+-----+--------+

Top non-repeatable levels by time:
     D:2: 991 daAuts
     D:1: 754 daAuts
     D:3: 695 daAuts
     D:4: 84 daAuts
